 Dungeon Crawl Stone Soup version 0.31-a0-263-ge8cad7f256 (webtiles) character file.

Game seed: 7870333317070875233

1293 Iniera the Carver (level 8, 0/59 (73) HPs)
             Began as a Green Draconian Monk on July 14, 2023.
             Was a Believer of Qazlal.
             Slain by a wight
             ... wielding a +2 halberd of freezing
              (1 damage)
             ... on level 6 of the Dungeon.
             The game lasted 00:05:52 (4883 turns).

Iniera the Carver (Green Draconian Monk)            Turns: 4883, Time: 00:05:53

HP:   0/59 (73)     AC: 13    Str: 13    XL:     8   Next: 30%
MP:   8/8           EV: 13    Int: 11    God:    Qazlal [**....]
Gold: 305           SH:  7    Dex: 16    Spells: 7/7 levels left

rFire   . . .        d - +0 scimitar
rCold   . . .        c - orb {light}
rNeg    . . .        (body armour unavailable)
rPois   +            (helmet restricted)
rElec   .            (no cloak)
rCorr   .            (no gloves)
SInv    .            i - +2 pair of boots
Will    .....        h - amulet of reflection
Stlth   +            o - +4 ring of protection
HPRegen 0.29/turn    (no ring)
MPRegen 0.11/turn

%: reflection
@: slowed, glowing, heavily drained, very slow
A: breathe noxious fumes, AC +6, unfitting armour, poison resistance,
cold-blooded
a: Breathe Noxious Fumes, Renounce Religion, Upheaval


You were on level 6 of the Dungeon.
You worshipped Qazlal.
Qazlal was pleased with you.
You visited 2 branches of the dungeon, and saw 7 of its levels.

You collected 305 gold pieces.

Inventory:

Hand Weapons
 d - a +0 scimitar (weapon)
Missiles
 m - 4 javelins
Armour
 c - an orb of light (worn)
 i - a +2 pair of boots (worn)
Jewellery
 h - an amulet of reflection (around neck)
 o - a +4 ring of protection (left hand)
Wands
 k - a wand of paralysis (7)
 n - a wand of roots (1)
 q - a wand of mindburst (20)
 t - a wand of acid (4)
Scrolls
 e - a scroll of poison
 f - a scroll of revelation
 g - 2 scrolls of enchant armour
 j - a scroll of teleportation
 v - 2 scrolls of enchant weapon {unknown}
 w - a scroll of identify
 x - a scroll of summoning {unknown}
Potions
 b - 2 potions of ambrosia
 l - a potion of brilliance {unknown}
 p - 2 potions of might {unknown}
 r - a potion of curing {unknown}
 s - a potion of cancellation {unknown}
 u - a potion of magic {unknown}


   Skills:
 + Level 7.2 Fighting
 * Level 8.8 Long Blades
 - Level 2.6 Dodging
 + Level 0.3 Invocations


You had 7 spell levels left.
You didn't know any spells.
Your spell library was empty.

Dungeon Overview and Level Annotations

Branches:
Dungeon (6/15)             Temple (1/1) D:5

Altars:
Elyvilon
Fedhas
Gozag
Hepliaklqana
Kikubaaqudgha
Nemelex Xobeh
Okawaru
Qazlal
Ru
Trog
Uskayaw
Vehumet
Wu Jian
Xom


Innate Abilities, Weirdness & Mutations

You can breathe blasts of noxious fumes.
Your lurid green scales are hard. (AC +6)
You cannot fit into any form of body armour.
Your system is resistant to poisons. (rPois)
You are cold-blooded and may be slowed by cold attacks.


Message History

The scorpion stings you but does no damage.
The wight hits you with a +4 flail of freezing.
You feel drained. The wight freezes you. The wight barely misses you.
The scorpion closely misses you.
There is a stone staircase leading up, spattered with blood here.
You hit the wight.
The wight is moderately damaged.
The wight hits you with a +4 flail of freezing.
You feel drained. The wight freezes you. The wight closely misses you.
You block the scorpion's attack.
You barely miss the wight.
The wight is moderately damaged.
The wight hits you with a +4 flail of freezing.
You feel drained.
You feel yourself slow down. The wight freezes you.
The wight barely misses you. The scorpion closely misses you.
You block the wight's attack.
You hit the wight.
The wight is almost destroyed.
You block the scorpion's attack.
The wight hits you with a +4 flail of freezing!
You feel drained. The wight freezes you. The wight closely misses you.
The wight hits you with a +0 halberd.
You feel drained. The scorpion misses you.
The wight hits you with a +4 flail of freezing!
* * * LOW HITPOINT WARNING * * *
You feel as though you will be slow longer.
The wight freezes you.
* * * LOW HITPOINT WARNING * * *
The wight hits you from afar with a +2 halberd of freezing.
* * * LOW HITPOINT WARNING * * *
You feel as though you will be slow longer.
The wight freezes you.
* * * LOW HITPOINT WARNING * * *
The wight closely misses you.
The scorpion stings you but does no damage.
The wight hits you from afar with a +2 halberd of freezing.
* * * LOW HITPOINT WARNING * * *
You feel as though you will be slow longer.
The wight freezes you.
You die...

# .## .... #
.....
#..####....##
#..z.@zh.....
......z.s...##.
.####.###......
#< ......
#.......#####.
#....$..#
#.......#
#?......#
#.......#


You could see a scorpion, a hound and 3 wights.

Vanquished Creatures
  Grinder (D:5)
  2 ogres (D:5)
  2 phantoms (D:4)
  A scorpion (D:4)
  5 wights
  2 jellies (D:5)
  2 hounds
  An orc priest (D:3)
  Jessica (D:2)
  Ijyb (D:3)
  Natasha (D:2)
  2 iguanas
  4 gnolls (D:3)
  3 adders
  2 ufetubi (D:5)
  3 worms
  A dart slug (D:4)
  7 orcs (D:3)
  3 bats (D:2)
  4 endoplasms
  9 goblins
  4 hobgoblins
  4 jackals (D:5)
  3 quokkas
  15 ball pythons
  3 frilled lizards
  10 kobolds
  7 rats
103 creatures vanquished.

Notes
Turn   | Place    | Note
-------+----------+-------------------------------------------
     0 | D:1      | Iniera the Draconian Monk began the quest for the Orb.
     0 | D:1      | Reached XP level 1. HP: 19/19 MP: 1/1
   415 | D:1      | Reached XP level 2. HP: 20/26 MP: 2/2
  1135 | D:2      | Reached XP level 3. HP: 31/33 MP: 3/3
  1210 | D:2      | Found a sparkling altar of Nemelex Xobeh.
  1224 | D:2      | Reached skill level 4 in Long Blades
  1373 | D:2      | Found a faded altar of an unknown god.
  1478 | D:2      | Noticed Jessica
  1482 | D:2      | Noticed Natasha
  1484 | D:2      | Killed Jessica
  1490 | D:2      | Killed Natasha
  1491 | D:2      | Reached XP level 4. HP: 39/40 MP: 4/4
  1560 | D:2      | Reached skill level 5 in Long Blades
  1805 | D:3      | Reached XP level 5. HP: 47/47 MP: 5/5
  1847 | D:3      | Noticed Ijyb
  1859 | D:3      | Killed Ijyb
  2064 | D:3      | Reached skill level 5 in Fighting
  2339 | D:3      | Reached XP level 6. HP: 39/56 MP: 6/6
  2727 | D:4      | Reached skill level 6 in Long Blades
  3050 | D:4      | Your scales start taking on a lurid green colour.
  3050 | D:4      | Reached XP level 7. HP: 32/62 MP: 7/7
  3050 | D:4      | Gained mutation: Your system is resistant to poisons.
                  | (rPois) [Green Draconian growth]
  3473 | D:5      | Entered Level 5 of the Dungeon
  3588 | D:5      | Found a blossoming altar of Fedhas.
  3641 | D:5      | Noticed Grinder
  3642 | D:5      | Paralysed by Grinder for 2 turns
  3663 | D:5      | Killed Grinder
  3664 | D:5      | Reached skill level 7 in Long Blades
  3770 | D:5      | Found a staircase to the Ecumenical Temple.
  3779 | Temple   | Entered the Ecumenical Temple
  3946 | Temple   | Became a worshipper of Qazlal Stormbringer
  3946 | Temple   | Reached * piety under Qazlal
  3946 | Temple   | Reached ** piety under Qazlal
  4170 | D:5      | Reached skill level 8 in Long Blades
  4305 | D:5      | Reached XP level 8. HP: 71/71 MP: 8/8
  4883 | D:6      | HP: 1/59 [wight/+2 halberd of freezing (4)]
  4883 | D:6      | Slain by a wight

Illustrated notes

Levels and vault maps discovered:
D:1:      psy_arrival_radial01, layout_loops_cross, serial_aquarium,
          aquarium_bridge_long_separate [aquarium_subvault_bridge,
          aquarium_subvault_wall, aquarium_subvault_wall,
          aquarium_subvault_bridge, aquarium_subvault_bridge,
          aquarium_subvault_window], aquarium_window_fake, aquarium_window_1,
          aquarium_window_corridor_3, aquarium_view_2e, aquarium_view_2c,
          minmay_misc_feat_plants, roderic_roman_lattice,
          nicolae_concentric_dashed_squares_mild
D:2:      minmay_chambers_of_twos, layout_basic, basic_ecumenical_altar,
          basic_altar, minmay_increasing_density, uniq_jessica, uniq_natasha
D:3:      layout_loops_ring, uniq_ijyb
D:4:      layout_basic, minmay_checkerbox
D:5:      layout_gridville, kennysheep_little_box, temple_green, uniq_grinder
D:6:      layout_loops_cross, gammafunk_ghost_smash
Temple:   hellmonk_temple_forest_ring

Skill      XL: |  1  2  3  4  5  6  7  8 |
---------------+-------------------------+-----
Long Blades    | 4 5 6 8 |  8.8
Fighting       | 4 5 6 7 |  7.2
Dodging        | |  2.6
Invocations    | |  0.3

Action                     |  1- 3 |  4- 6 |  7- 9 || total
---------------------------+-------+-------+-------++-------
  Melee: Falchion          |    87 |   120 |    89 ||   296
         Tailslap          |    14 |    23 |    19 ||    56
         Scimitar          |       |       |     3 ||     3
  Throw: Javelin           |       |    10 |       ||    10
 Invoke: Upheaval          |       |       |     2 ||     2
Ability: Breathe Noxious F |       |       |     3 ||     3
  Evoke: Wand              |       |     3 |     1 ||     4
    Use: Scroll            |     3 |       |     3 ||     6
         Potion            |       |       |     1 ||     1
   Stab: Confused          |       |       |     1 ||     1
 Armour: Skin              |    22 |    45 |    25 ||    92
  Dodge: Dodged            |    63 |    71 |    60 ||   194
  Block: Orb               |       |    31 |    42 ||    73
         Reflection        |       |       |     1 ||     1

Table legend: (Time is in decaauts)
 A = Elapsed time spent in this place.
 B = Non-inter-level travel time spent in this place.
 C = Inter-level travel time spent in this place.
 D = Time resting spent in this place.
 E = Time spent auto-exploring this place.
 F = Levels seen in this place.
 G = Mean time per level.
                   A        B        C        D        E       F      G
               +--------+--------+--------+--------+--------+-----+--------+
         Total |   4914 |   4651 |    263 |    242 |   3694 |   7 |  702.0 |
       Dungeon |   4735 |   4497 |    238 |    242 |   3551 |   6 |  789.2 |
        Temple |    178 |    154 |     24 |      0 |    143 |   1 |  178.0 |
               +--------+--------+--------+--------+--------+-----+--------+

Top non-repeatable levels by time:
     D:5: 1208 daAuts
     D:1: 1053 daAuts
     D:3: 860 daAuts
     D:4: 826 daAuts
     D:2: 764 daAuts
  Temple: 178 daAuts
     D:6: 21 daAuts
